 Dungeon Crawl Stone Soup version 0.30-a0-219-gf2db51d15e (webtiles) character file.

Game seed: 16906209741928587618

4802 darz the Covert (level 10, -8/48 HPs)
             Began as a Spriggan Enchanter on Oct 7, 2022.
             Was an Initiate of Dithmenos.
             Mangled by a cyclops (26 damage)
             ... on level 8 of the Dungeon.
             The game lasted 00:26:25 (8656 turns).

darz the Covert (Spriggan Enchanter)                Turns: 8656, Time: 00:26:25

Health: -8/48      AC: 10    Str: 18    XL:     10   Next: 24%
Magic:  18/24      EV: 20    Int: 17    God:    Dithmenos [......]
Gold:   343        SH:  0    Dex: 18    Spells: 13/28 levels left

rFire   + . .      SeeInvis +    n - +1 dagger (venom)
rCold   . . .      Faith    .    (no shield)
rNeg    . . .      Spirit   .    D - +0 steam dragon scales
rPois   .          Reflect  .    (helmet restricted)
rElec   +          Harm     .    k - +2 cloak of Woher {rElec Int+2 Dex+2}
rCorr   +          Rampage  .    (gloves unavailable)
Will    +....                    (boots unavailable)
Stlth   +++++.....               (no amulet)
HPRegen 0.28/turn                e - +6 ring of strength
MPRegen 0.19/turn                u - ring of resist corrosion

@: very quick
A: very small, no large weapons, unfitting armour, see invisible, speed 3,
iridescent scales 1, fire resistance 1, strong 1
a: Renounce Religion


You were on level 8 of the Dungeon.
You worshipped Dithmenos.
Dithmenos was noncommittal.
You visited 2 branches of the dungeon, and saw 9 of its levels.
You also visited: Sewer.

You collected 463 gold pieces.
You spent 120 gold pieces at shops.

Inventory:

Hand Weapons
 a - a +3 dagger
 i - the +8 quarterstaff "Loopy" {freeze, *Corrode rC++ Dex+4}
   (You found it on level 3 of the Dungeon)

   It freezes those it strikes, dealing additional cold damage.
   It can also slow down cold-blooded creatures.
   Dex:       It affects your dexterity (+4).
   rC:        It greatly protects you from cold.
   *Corrode:  It may corrode you when you take damage.
 n - a +1 dagger of venom (weapon)
 p - a +0 trident
 y - a +1 dagger of draining
Missiles
 o - 2 curare-tipped darts (quivered)
 q - 2 throwing nets
 C - 3 atropa-tipped darts
Armour
 k - the +2 cloak of Woher (worn) {rElec Int+2 Dex+2}
   (You found it on level 6 of the Dungeon)

   Int:       It affects your intelligence (+2).
   Dex:       It affects your dexterity (+2).
   rElec:     It insulates you from electricity.
 D - +0 steam dragon scales (worn)
Jewellery
 e - a +6 ring of strength (left hand)
 g - a ring of positive energy
 u - a ring of resist corrosion (right hand)
Wands
 b - a wand of digging (6)
 f - a wand of polymorph (7)
 l - a wand of mindburst (9)
Scrolls
 r - a scroll of fear
 s - 6 scrolls of teleportation
 A - a scroll of magic mapping
Potions
 c - 2 potions of invisibility
 d - 5 potions of curing
 j - 2 potions of lignification
 m - 4 potions of flight
 t - 3 potions of heal wounds
 v - a potion of might
 w - a potion of haste
 x - a potion of resistance {unknown}
 z - a potion of brilliance {unknown}
 B - a potion of mutation


   Skills:
 * Level 2.8 Fighting
 * Level 4.3 Short Blades
 * Level 5.5 Dodging
 + Level 13.0 Stealth
 + Level 9.7 Spellcasting
 + Level 10.0 Hexes


You had 13 spell levels left.
You knew the following spells:

 Your Spells              Type           Power      Damage    Failure   Level
a - Ensorcelled Hibernat  Hex/Ice        50%        N/A       1%          2
b - Tukima's Dance        Hex            42%        N/A       1%          3
c - Dazzling Flash        Conj/Hex       50%        N/A       3%          3
d - Confusing Touch       Hex            42%        N/A       1%          3
e - Cause Fear            Hex            21%        N/A       1%          4

Your spell library contained the following spells:

 Spells                   Type           Power      Damage    Failure   Level
 Inner Flame              Hex/Fire       25%        N/A       3%          3
 Portal Projectile        Hex/Tloc       50%        N/A       3%          3
 Magic Dart               Conj           32%        1d4       9%          1
 Fulminant Prism          Conj/Hex       12%        3d9       11%         4
 Leda's Liquefaction      Hex/Erth       12%        N/A       11%         4
 Searing Ray              Conj           16%        2d5       13%         2
 Call Canine Familiar     Summ           8%         N/A       26%         3
 Ozocubu's Armour         Ice            8%         N/A       26%         3
 Metabolic Englaciation   Hex/Ice        12%        N/A       30%         5
 Simulacrum               Ice/Necr       4%         N/A       100%        6
 Discord                  Hex            21%        N/A       100%        8


Dungeon Overview and Level Annotations

Branches:
Dungeon (8/15)             Temple (1/1) D:6            Lair (0/5) D:8
  Sewer (visited)

Altars:
Ashenzari
Cheibriados
Dithmenos
Elyvilon
Gozag
Kikubaaqudgha
Makhleb
Nemelex Xobeh
Okawaru
Qazlal
Ru
Sif Muna
Trog
Vehumet
Wu Jian
Xom
Yredelemnul
Zin
The Shining One

Shops:
D:1 [   D:5 !   D:7 :

Annotations:
D:8 2 runed translucent doors


Innate Abilities, Weirdness & Mutations

You are very small and have problems with some larger weapons.
You are too small for most types of armour.
You have supernaturally acute eyesight. (SInv)
You cover ground extremely quickly. (Speed+++)
You are partially covered in iridescent scales. (AC +2)
Your flesh is heat resistant. (rF+)
Your muscles are strong. (Str +4, Int/Dex -1)


Message History

You see here a black bear corpse.
o - 2 curare-tipped darts (gained 1)
You see here a +0 short sword.
You see here a black bear corpse.
Things that are here:
a +0 short sword; 4 stones; a kobold corpse You see here an elephant corpse.
You see here a +1 vorpal falchion.
You enter the shallow water.
Moving in this stuff is going to be slow.
Found a shadowy altar of Dithmenos and a sacrificial altar of Ru.
There is a shadowy altar of Dithmenos here.
You kneel at the altar of Dithmenos.
Dithmenos welcomes you!
Unknown command.
Press < or > to pray at altars.
b - a wand of digging (6)
You see here a +1 vorpal falchion.
A cyclops is nearby!
The cyclops hits you!!
Casting: Dazzling Flash (dangerous; 3% risk of failure)
Confirm with . or Enter, or press ? or * to list all spells.
Aiming: Ensorcelled Hibernation (safe; 1% risk of failure)
Press: ? - help, Shift-Dir - straight line, f - cyclops
Aim: a cyclops, quivering large rocks (chance to affect: 38%)
The cyclops easily resists.
Casting: Ensorcelled Hibernation (safe; 1% risk of failure)
Confirm with . or Enter, or press ? or * to list all spells.
Aiming: Ensorcelled Hibernation (safe; 1% risk of failure)
Press: ? - help, Shift-Dir - straight line, f/p - cyclops
Aim: a cyclops, quivering large rocks (chance to affect: 38%)
The cyclops easily resists.
The cyclops hits you!
Casting: Ensorcelled Hibernation (safe; 1% risk of failure)
Confirm with . or Enter, or press ? or * to list all spells.
Aiming: Ensorcelled Hibernation (safe; 1% risk of failure)
Press: ? - help, Shift-Dir - straight line, f/p - cyclops
Aim: a cyclops, quivering large rocks (chance to affect: 38%)
The cyclops easily resists.
The cyclops hits you!!
Ouch! That really hurt!
You die...

#)#.# #..##.# #8'8.#
#.#.###.....#.######.#.#
#.#..##.....#.....+..#..
#.##.##.....#.....+..#..
#...........#.######.#..
####†##...[.# #8'8.#
#)##.....## #.....
####÷##.#.#..######....#
#..))##@>.......)......!
#.##.###C.......#.......
#.####.....######.###.##
#.##.........##.....##.#
#.#..P........#.....###.
#...................####
#.......>............?..
##...P..............##.#
##..P.....P..#.........


You could see a cyclops.

Vanquished Creatures
  An elephant (D:8)
  Grinder (D:6)
  Prince Ribbit (D:8)
  A wyvern (D:7)
  6 yaks
  A basilisk (D:8)
  A steam dragon (D:8)
  Menkaure (D:4)
  An acid dragon (D:8)
  5 ice beasts
  A black bear (D:8)
  2 sky beasts
  3 ogres
  2 centaurs
  A phantom (D:7)
  4 kobold brigands
  A bullfrog (D:7)
  A gnoll sergeant (D:7)
  A necrophage (D:5)
  A scorpion (D:6)
  2 vampire bats (D:7)
  A gnoll bouda (D:7)
  A hound (D:5)
  Crazy Yiuf (D:3)
  3 orc priests
  Ijyb (D:3)
  Natasha (twice) (D:3)
  An iguana (D:7)
  5 orc wizards
  7 adders
  6 gnolls (D:7)
  A river rat (Sewer)
  2 shadow imps (D:7)
  An ufetubus (D:6)
  12 dart slugs
  17 orcs
  7 ball pythons
  5 bat skeletons (D:7)
  2 bat zombies (D:7)
  8 endoplasms
  5 giant cockroaches
  14 goblins
  7 hobgoblins
  7 jackals
  7 quokkas
  5 bats
  2 frilled lizards (D:1)
  12 kobolds
  5 rats
185 creatures vanquished.

Vanquished Creatures (collateral kills)
  A gnoll bouda (D:7)
  7 gnolls (D:7)
  A white imp (D:7)
  A quokka (D:2)
10 creatures vanquished.

Vanquished Creatures (others)
  A dancing weapon (D:7)
  A plant (D:8)
2 creatures vanquished.

Grand Total: 197 creatures vanquished

Notes
Turn   | Place    | Note
-------+----------+-------------------------------------------
     0 | D:1      | darz the Spriggan Enchanter began the quest for the Orb.
     0 | D:1      | Reached XP level 1. HP: 9/9 MP: 5/5
   101 | D:1      | Found Buargh's Antique Armour Boutique.
   194 | D:1      | Reached XP level 2. HP: 13/13 MP: 7/7
   197 | D:1      | Learned a level 2 spell: Ensorcelled Hibernation
   821 | D:2      | Reached XP level 3. HP: 16/16 MP: 9/9
   830 | D:2      | Learned a level 3 spell: Tukima's Dance
   834 | D:2      | Learned a level 3 spell: Confusing Touch
  1491 | D:1      | Reached XP level 4. HP: 20/21 MP: 11/11
  1612 | D:1      | Reached skill level 5 in Hexes
  2186 | D:3      | Noticed Ijyb
  2195 | D:3      | Killed Ijyb
  2196 | D:3      | Reached skill level 5 in Spellcasting
  2196 | D:3      | Reached XP level 5. HP: 24/24 MP: 9/13
  2283 | D:3      | Identified the +8 quarterstaff "Loopy" {freeze, *Corrode
                  | rC++ Dex+4}
  2315 | D:3      | Noticed Natasha
  2316 | D:3      | Found a broken altar of Ashenzari.
  2321 | D:3      | Killed Natasha
  2462 | D:3      | Found a shimmering altar of Xom.
  2576 | D:3      | Reached skill level 5 in Stealth
  2794 | D:3      | Noticed Natasha
  2800 | D:3      | Killed Natasha
  2801 | D:3      | Reached XP level 6. HP: 28/28 MP: 15/15
  2859 | D:3      | Found a runed translucent door.
  2860 | D:3      | Noticed Crazy Yiuf
  2869 | D:3      | Killed Crazy Yiuf
  2870 | D:3      | Reached skill level 6 in Stealth
  3037 | D:3      | Found a faded altar of an unknown god.
  3090 | D:4      | Noticed Menkaure
  3092 | D:4      | Killed Menkaure
  3340 | D:4      | Learned a level 3 spell: Dazzling Flash
  3345 | D:4      | Learned a level 4 spell: Cause Fear
  3417 | D:4      | Found a glowing silver altar of Zin.
  3526 | D:4      | Reached skill level 7 in Stealth
  3774 | D:4      | Reached XP level 7. HP: 26/32 MP: 16/16
  4123 | D:5      | Entered Level 5 of the Dungeon
  4181 | D:5      | Reached skill level 8 in Stealth
  4216 | D:5      | Noticed a yak
  4216 | D:5      | Noticed a yak
  4216 | D:5      | Noticed a yak
  4216 | D:5      | Noticed a yak
  4216 | D:5      | Noticed a yak
  4491 | D:5      | Reached skill level 9 in Stealth
  4627 | D:5      | Found Woevefadikh's Distillery.
  4693 | D:5      | Reached XP level 8. HP: 28/36 MP: 13/19
  5029 | D:5      | Reached skill level 10 in Stealth
  5395 | D:5      | Reached skill level 11 in Stealth
  5403 | D:5      | Reached XP level 9. HP: 20/39 MP: 2/22
  5673 | D:6      | Gained mutation: You are vulnerable to cold. (rC-) [potion
                  | of mutation]
  5674 | D:6      | Lost mutation: You are vulnerable to cold. (rC-) [potion of
                  | mutation]
  5674 | D:6      | Gained mutation: Your flesh is heat resistant. (rF+)
                  | [potion of mutation]
  5674 | D:6      | Gained mutation: Your muscles are strong. (Str +4, Int/Dex
                  | -1) [potion of mutation]
  5674 | D:6      | Gained mutation: You are partially covered in iridescent
                  | scales. (AC +2) [potion of mutation]
  5740 | D:6      | Identified the +2 cloak of Woher {rElec Int+2 Dex+2}
  5778 | D:6      | Found a glowing drain.
  5791 | Sewer    | Entered a sewer
  6070 | Sewer    | Found a white marble altar of Elyvilon.
  6180 | D:6      | Reached skill level 12 in Stealth
  6215 | D:6      | Noticed Grinder
  6239 | D:6      | Killed Grinder
  6422 | D:6      | Found a staircase to the Ecumenical Temple.
  6427 | Temple   | Entered the Ecumenical Temple
  6691 | D:5      | Bought a potion of curing for 36 gold pieces
  6691 | D:5      | Bought a potion of might for 48 gold pieces
  6691 | D:5      | Bought a potion of flight for 36 gold pieces
  7138 | D:7      | Reached skill level 1 in Fighting
  7150 | D:7      | Found Cagiriklys's Book Shop.
  7818 | D:7      | Found an ancient bone altar of Kikubaaqudgha.
  8069 | D:8      | Noticed Prince Ribbit
  8071 | D:8      | Killed Prince Ribbit
  8073 | D:8      | Found a large runed translucent door.
  8084 | D:8      | Found a large runed translucent door.
  8113 | D:8      | Reached XP level 10. HP: 46/46 MP: 24/24
  8371 | D:8      | Found a staircase to the Lair.
  8371 | D:8      | Noticed an elephant
  8372 | D:8      | Noticed a cyclops
  8392 | D:8      | Reached skill level 5 in Dodging
  8404 | D:8      | Reached skill level 13 in Stealth
  8404 | D:8      | Reached skill level 10 in Hexes
  8480 | D:8      | Killed an elephant
  8612 | D:8      | Found a shadowy altar of Dithmenos.
  8612 | D:8      | Found a sacrificial altar of Ru.
  8620 | D:8      | Became a worshipper of Dithmenos the Shadowed
  8656 | D:8      | Mangled by a cyclops

Illustrated notes

Levels and vault maps discovered:
D:1:      dpeg_arrival_tiny_i, layout_basic, serial_shops, shop_fountains,
          serial_bayou_pond_e
D:2:      layout_loops_cross, minmay_tetromino_s4
D:3:      layout_loops_ring, old_standard_altar, tgw_xom,
          basic_ecumenical_altar, uniq_natasha, uniq_crazy_yiuf_cottage,
          uniq_ijyb
D:4:      layout_basic, zin_treasury, minmay_small_thing, uniq_menkaure
D:5:      kennysheep_slugbush, layout_loops_corners, serial_shops,
          nicolae_take_the_stairs, minmay_ogre_servants
D:6:      layout_basic, temple_doors_e, portal_sewer_entry_d, uniq_grinder
D:7:      layout_basic, kennysheep_vampire_church, serial_shops, shop
D:8:      layout_loops_ring, jmf_multi_god_temple2,
          amethyst_overflow_temple_binary, david_lair_generic, serial_shops,
          nicolae_shop_statue_plus, uniq_prince_ribbit1
Temple:   cyrus_circular_temple

Skill      XL: |  1  2  3  4  5  6  7  8  9 10 |
---------------+-------------------------------+-----
Spellcasting   | 3 4 5 6 8 9 |  9.7
Hexes          | 4 5 6 7 8 9 10 | 10.0
Stealth        | 5 7 9 11 12 13 | 13.0
Dodging        | 4 5 |  5.5
Short Blades   | 3 4 |  4.3
Fighting       | 2 |  2.8

Action                   |  1- 3 |  4- 6 |  7- 9 | 10-12 || total
-------------------------+-------+-------+-------+-------++-------
Melee: Dagger            |   117 |   131 |   320 |    23 ||   591
       Punch             |     1 |       |     3 |     1 ||     5
 Cast: Ensorcelled Hiber |     6 |    19 |    26 |     9 ||    60
       Tukima's Dance    |       |     2 |    14 |       ||    16
       Confusing Touch   |       |     1 |     9 |       ||    10
       Dazzling Flash    |       |       |       |     4 ||     4
Evoke: Wand              |       |       |     1 |       ||     1
  Use: Scroll            |     8 |     9 |     6 |       ||    23
       Potion            |       |     4 |     5 |       ||     9
 Stab: Sleeping          |    13 |    26 |    35 |     6 ||    80
       Distracted        |       |     1 |     3 |       ||     4
       Confused          |       |     1 |    13 |       ||    14
       Invisible         |       |       |       |     1 ||     1
Armor: Robe              |    12 |     8 |    62 |       ||    82
       Skin              |       |     6 |       |       ||     6
       Steam dragon scal |       |       |       |     5 ||     5
Dodge: Dodged            |    97 |    82 |   225 |    19 ||   423

Table legend: (Time is in decaauts)
 A = Elapsed time spent in this place.
 B = Non-inter-level travel time spent in this place.
 C = Inter-level travel time spent in this place.
 D = Time resting spent in this place.
 E = Time spent auto-exploring this place.
 F = Levels seen in this place.
 G = Mean time per level.
                   A        B        C        D        E       F      G
               +--------+--------+--------+--------+--------+-----+--------+
         Total |   6255 |   6064 |    191 |    192 |   4182 |  10 |  625.5 |
       Dungeon |   5884 |   5702 |    182 |    156 |   4001 |   8 |  735.5 |
        Temple |     63 |     55 |      8 |      0 |     32 |   1 |   63.0 |
         Sewer |    307 |    307 |      0 |     36 |    148 |   1 |  307.0 |
               +--------+--------+--------+--------+--------+-----+--------+

Top non-repeatable levels by time:
     D:5: 1124 daAuts
     D:7: 991 daAuts
     D:3: 840 daAuts
     D:1: 768 daAuts
     D:4: 708 daAuts
     D:2: 594 daAuts
     D:8: 435 daAuts
     D:6: 422 daAuts
   Sewer: 307 daAuts
  Temple: 63 daAuts
